Map: Abyssal Reef LE

Players

Relevant - Winner!

  • Race: Terran Terran
  • League: Platinum
  • Spawn Location: 11:00

Valderg

  • Race: Zerg Zerg
  • League: Gold
  • Spawn Location: 5:00

VOD

Have the link to the VOD?

Description

Time

  • Played on: Nov. 25, 2017, 10:41 a.m.
  • Length: 13:18
Show
View Real Time Build Order
Export as new Build Order

Relevant Terran - Winner!

Build Orders:  

Get SALT Encoding   

  12  0:01  SCV  
  13  0:13  SCV  
  14  0:17  Supply Depot  
  14  0:25  SCV  
  15  0:39  SCV  
  15  0:41  Barracks  
  16  0:56  Refinery, SCV  
  17  1:04  Barracks  
  17  1:11  Supply Depot  
  17  1:18  SCV  
  18  1:30  Orbital Command  
  18  1:32  Marine  
  19  1:43  Barracks  
  19  1:54  Barracks Tech Lab  
  19  1:57  Barracks Reactor  
  19  1:59  SCV  
  20  2:11  Refinery, SCV  
  22  2:23  SCV  
  22  2:27  Marauder  
  24  2:30  Concussive Shells  
  24  2:34  Marine x2  
  24  2:35  SCV  
  27  2:43  Barracks Reactor  
  27  2:48  Marauder  
  27  2:49  SCV  
  30  2:57  Marine  
  31  3:05  Supply Depot  
  31  3:27  SCV, Marauder, Marine x2  
  31  3:29  Command Center  
  36  3:38  Marine  
  37  3:44  Marine  
  37  3:47  Supply Depot  
  38  3:49  SCV  
  39  4:09  SCV, Marauder  
  42  4:15  Reaper  
  42  4:16  Factory  
  43  4:18  Marine  
  43  4:22  SCV  
  45  4:30  Marauder  
  47  4:33  Supply Depot  
  47  4:40  Marine x3  
  47  4:41  SCV  
  51  4:49  Orbital Command  
  51  4:52  Marauder  
  53  4:53  SCV  
  54  5:04  Starport  
  54  5:05  SCV  
  55  5:08  Supply Depot  
  55  5:13  Marauder  
  57  5:17  SCV  
  57  5:19  Marine  
  59  5:21  Marine  
  59  5:23  Marine  
  59  5:25  Marine  
  62  5:29  SCV  
  62  5:35  Marauder  
  65  5:37  SCV, Marine  
  65  5:39  Marine  
  65  5:40  Marine  
  65  5:41  Starport Reactor, SCV  
  70  5:43  Marine  
  70  5:49  SCV  
  72  5:53  SCV  
  72  5:54  Marine  
  72  5:56  Marauder  
  76  5:57  Marine  
  76  5:58  Marine  
  76  5:59  Supply Depot  
  78  6:05  Supply Depot  
  78  6:20  Marine x4  
  78  6:21  Medivac, Marauder  
  78  6:23  Supply Depot  
  86  6:27  Medivac  
  86  6:28  Supply Depot  
  88  6:36  SCV  
  88  6:38  SCV, Marine  
  91  6:42  Marauder  
  91  6:46  Supply Depot  
  86  6:48  SCV  
  86  6:51  Medivac  
  89  6:54  Engineering Bay  
  89  6:57  Medivac  
  89  6:58  SCV  
  89  7:00  SCV  
  93  7:10  SCV, Marine, Marauder  
  93  7:11  Marine  
  93  7:12  SCV  
  93  7:14  Marine  
  93  7:15  Marine  
  101  7:23  SCV  
  101  7:25  SCV, Missile Turret  
  101  7:28  Missile Turret, Marine  
  104  7:30  Marine  
  104  7:31  Marauder  
  104  7:35  SCV  
  108  7:43  Stimpack  
  108  7:46  Terran Infantry Weapons Level 1  
  108  7:52  Marauder  
  68  8:06  Marine x4  
  68  8:14  Marauder  
  70  8:23  Marine  
  70  8:24  Marine x3  
  74  8:35  Marauder  
  76  8:41  Marine x2  
  76  8:42  Marine  
  77  8:54  Marine  
  77  8:57  Marauder  
  77  8:59  Marine x3  
  82  9:06  Barracks  
  82  9:07  Barracks  
  82  9:10  Barracks  
  82  9:12  Marine  
  79  9:17  Medivac x2, Marine x3  
  83  9:18  Marauder  
  92  9:26  Supply Depot  
  92  9:30  Widow Mine, Marine  
  95  9:35  Marine x3  
  98  9:39  Marauder  
  98  9:41  Terran Infantry Armor Level 1  
  98  9:43  Combat Shields  
  100  9:47  Medivac x2  
  100  9:48  Supply Depot, Marine  
  105  9:55  Marine  
  105  9:57  Barracks Reactor, Barracks Tech Lab  
  105  9:59  Widow Mine  
  108  10:01  Marauder  
  110  10:22  Marauder  
  110  10:28  Marauder, Marine x4  
  118  10:43  Marauder  
  118  10:46  Marine  
  118  10:47  Marine x2  
  118  10:49  Marine  
  125  10:50  Marauder  
  120  11:05  Marauder  
  124  11:11  Marauder  
  113  11:21  Marine x2  
  81  11:26  Marauder  
  81  11:27  Marine  
  81  11:32  Marauder  
  86  11:42  Marine x3  
  88  11:48  Marine x2, Marauder  
  88  11:53  Marine  
  88  11:54  Marauder  
  87  11:59  Marine  
  87  12:00  Marine x2  
  84  12:09  Marauder  
  84  12:15  Marauder  
  86  12:16  Marine x3  
  86  12:17  Marine  
  86  12:18  Marine  
  91  12:27  Marine  
  92  12:30  Marauder  
  92  12:34  Marine  
  92  12:36  Marauder  
  94  12:52  Marauder  
Show
View Real Time Build Order
Export as new Build Order

Valderg Zerg 

Build Orders: Hatch First 

Get SALT Encoding   

  12  0:03  Drone  
  13  0:15  Drone  
  13  0:16  Overlord  
  14  0:34  Drone x2  
  16  0:56  Hatchery  
  15  1:11  Drone x2  
  17  1:25  Extractor  
  16  1:27  Spawning Pool  
  16  1:28  Drone x2  
  17  1:34  Drone  
  18  1:54  Drone  
  18  1:59  Drone  
  20  2:06  Overlord  
  20  2:15  Queen x2  
  22  2:17  Zergling x4  
  22  2:21  Zergling x2  
  27  2:36  Drone  
  27  2:37  Drone  
  29  2:43  Metabolic Boost  
  29  2:52  Baneling Nest, Drone  
  29  2:58  Queen  
  31  2:59  Queen  
  31  3:05  Overlord  
  33  3:15  Drone x3  
  36  3:45  Hatchery  
  35  3:55  Drone x3  
  37  3:56  Drone x5  
  37  3:57  Drone  
  37  4:01  Spore Crawler  
  43  4:07  Overlord  
  43  4:11  Overlord  
  43  4:36  Baneling x3  
  43  4:37  Baneling  
  43  4:48  Evolution Chamber  
  43  4:49  Drone  
  43  4:50  Evolution Chamber, Drone x5  
  47  4:58  Lair  
  47  5:17  Zerg Melee Weapons Level 1  
  47  5:19  Zergling x6  
  47  5:20  Zergling x10  
  55  5:26  Pneumatized Carapace  
  55  5:29  Drone x3  
  55  5:30  Overlord  
  55  5:31  Overlord x2  
  58  5:39  Spore Crawler  
  57  5:48  Extractor x2  
  55  5:56  Drone x4  
  55  5:57  Drone x4  
  63  6:15  Centrifical Hooks  
  63  6:26  Drone x3  
  66  6:34  Zergling x6  
  66  6:35  Zergling x14  
  66  6:36  Zergling x8  
  78  6:55  Overlord x3  
  78  7:01  Baneling x3  
  78  7:02  Baneling x5  
  78  7:10  Zerg Ground Armor Level 1  
  78  7:16  Drone  
  78  7:19  Drone x4  
  78  7:20  Drone x3  
  86  7:30  Hatchery  
  86  7:33  Baneling x3  
  86  7:34  Baneling x3  
  76  8:00  Zergling x20  
  76  8:01  Zergling x6  
  75  8:14  Zergling x2  
  75  8:15  Zergling x6  
  79  8:23  Baneling  
  79  8:24  Baneling  
  79  8:25  Baneling x6  
  79  8:26  Baneling  
  78  8:27  Zergling x6, Drone  
  78  8:34  Queen  
  84  9:08  Zergling x6  
  84  9:09  Zergling x12  
  93  9:21  Drone x3  
  93  9:22  Drone x6  
  93  9:23  Drone x2  
  104  9:24  Overlord x3  
  104  10:12  Baneling  
  104  10:13  Baneling x3  
  104  10:21  Zerg Melee Weapons Level 2  
  104  10:22  Zerg Ground Armor Level 2  
  104  10:29  Extractor  
  104  10:30  Extractor  
  104  10:31  Zergling x4  
  104  10:32  Zergling x40  
  124  10:55  Baneling x4  
  124  10:56  Baneling x7  
  124  10:57  Baneling x2  
  102  11:21  Zergling x8  
  102  11:22  Zergling x30  
  104  11:35  Zergling x2  
  104  11:36  Zergling x8  
  93  11:47  Baneling x3  
  93  11:49  Zergling x8  
  82  12:02  Zergling x12  
  78  12:17  Zergling x6  
  78  12:18  Zergling x6  
  78  12:22  Zergling x2  
  77  12:23  Zergling x2  
  77  12:29  Baneling  
  74  12:30  Baneling x2  
  74  12:31  Zergling x2  
  74  12:36  Zergling x4  
  67  12:46  Zergling x6  
  68  12:52  Baneling  
  68  12:53  Baneling  
  68  12:54  Drone x2  
  60  13:01  Baneling  
  60  13:04  Hatchery  
Tags
 
Add a new tag
Caveats
  • Supply blocks, unpowered buildings, or Contaminate may cause inaccurate times.
  • Supply counts are checked every 10 seconds.